 Dungeon Crawl Stone Soup version 0.30.1-11-g7821555f0a (webtiles) character file.

Game seed: 7847502092997705455

660 lonewolfV2 the Chopper (level 7, -12/63 HPs)
             Began as a Hill Orc Fighter on Dec 6, 2023.
             Mangled by a two-headed ogre
             ... wielding a +0 giant spiked club
              (26 damage)
             ... on level 4 of the Dungeon.
             The game lasted 00:07:41 (3997 turns).

lonewolfV2 the Chopper (Hill Orc Fighter)           Turns: 3997, Time: 00:07:42

Health: -12/63     AC:  9    Str: 21    XL:     7   Next: 56%
Magic:  7/7        EV:  7    Int:  8    God:
Gold:   205        SH:  8    Dex: 10    Spells: 6/6 levels left

rFire   . . .        m - +0 war axe
rCold   . . .        f - +0 kite shield
rNeg    . . .        a - +0 chain mail
rPois   .            (no helmet)
rElec   .            (no cloak)
rCorr   .            (no gloves)
SInv    +            (no boots)
Will    .....        (no amulet) Stlth
                     b - ring of see invisible
HPRegen 0.30/turn    (no ring)
MPRegen 0.10/turn

%: no passive effects
@: no status effects
A: no striking features
a: no special abilities


You were on level 4 of the Dungeon.
You visited 1 branch of the dungeon, and saw 5 of its levels.

You collected 205 gold pieces.

Inventory:

Hand Weapons
 m - a +0 war axe (weapon)
Missiles
 e - 2 throwing nets (quivered)
Armour
 a - a +0 chain mail (worn)
 f - a +0 kite shield (worn)
Jewellery
 b - a ring of see invisible (left hand)
Scrolls
 d - 2 scrolls of amnesia
 p - 2 scrolls of blinking
Potions
 g - 2 potions of mutation
 i - a potion of cancellation {unknown}
 j - a potion of haste {unknown}
 k - a potion of brilliance
 l - a potion of magic {unknown}
 n - 2 potions of attraction


   Skills:
 - Level 6.2 Fighting
 - Level 7.0 Axes
 + Level 4.8 Armour
 + Level 4.8 Shields


You had 6 spell levels left.
You didn't know any spells.
Your spell library contained the following spells:

 Spells                   Type           Power      Damage    Failure   Level
 Beastly Appendage        Tmut           0%         N/A       100%        1
 Wereblood                Tmut           0%         N/A       100%        2
 Ozocubu's Armour         Ice            0%         N/A       100%        3
 Spider Form              Tmut/Pois      0%         N/A       100%        3
 Ozocubu's Refrigeration  Ice            0%         4d7       100%        7


Dungeon Overview and Level Annotations

Branches:
Dungeon (5/15)
 Temple: D:4-7

Altars:
Okawaru

Shops:
D:1 :

Annotations:
D:5 Ijyb


Message History

As you read the scroll of blinking, it crumbles to dust.
There are monsters nearby!
Ijyb zaps a wand.
The puff of flame hits you but does no damage.
Ijyb zaps a wand.
The puff of flame hits you!
There is a stone staircase leading up here.
There is a stone staircase leading up here.
There is a stone staircase leading up here.
You block the two-headed ogre's attack. The two-headed ogre barely misses you.
You climb upwards.
There is a stone staircase leading down here.
You barely miss the two-headed ogre. You slash the two-headed ogre!
The two-headed ogre is moderately wounded.
The two-headed ogre closely misses you. You block the two-headed ogre's attack.
You slash the two-headed ogre!
The two-headed ogre is heavily wounded.
You block the two-headed ogre's attack. x2
You hit the two-headed ogre but do no damage.
The two-headed ogre is heavily wounded.
The two-headed ogre barely misses you. The two-headed ogre closely misses you.
You hit the two-headed ogre but do no damage.
The two-headed ogre is heavily wounded.
The two-headed ogre hits you with a +0 giant spiked club!
* * * LOW HITPOINT WARNING * * *
You block the two-headed ogre's attack.
You slash the two-headed ogre!
The two-headed ogre is severely wounded.
You block the two-headed ogre's attack.
The two-headed ogre hits you with a +0 dire flail.
* * * LOW HITPOINT WARNING * * *
You feel better.
You feel better.
The two-headed ogre hits you with a +0 giant spiked club!
* * * LOW HITPOINT WARNING * * *
The two-headed ogre barely misses you.
You hit the two-headed ogre but do no damage.
The two-headed ogre is severely wounded.
The two-headed ogre hits you with a +0 giant spiked club!!
You die...

####### ......# ###.#.#
....#.#
##..#.###############
##.............O@...#
......#############.####
#......................#
^....######.........##.#
#....# #.#######.##.#
####.######.# #.##.#
#........# #.##.#
########## #.##.# #.##.#


You could see a two-headed ogre.

Vanquished Creatures
  Blork the orc (D:5)
  4 vampire bats (D:3)
  A hound (D:4)
  A sleepcap (D:4)
  An orc priest (D:4)
  A jelly (D:4)
  4 orc wizards
  Terence (D:2)
  6 gnolls
  2 adders (D:2)
  A shadow imp (D:4)
  An ufetubus (D:5)
  4 worms
  2 dart slugs
  14 orcs
  4 ball pythons
  7 bats
  5 endoplasms
  4 giant cockroaches
  7 goblins
  4 hobgoblins
  7 jackals
  9 kobolds
  A frilled lizard (D:3)
  7 rats
99 creatures vanquished.

Notes
Turn   | Place    | Note
-------+----------+-------------------------------------------
     0 | D:1      | lonewolfV2 the Hill Orc Fighter began the quest for the
                  | Orb.
     0 | D:1      | Reached XP level 1. HP: 19/19 MP: 1/1
     4 | D:1      | Noticed an electric eel
   142 | D:1      | Reached skill level 3 in Axes
   251 | D:1      | Found Uhul's Book Boutique.
   330 | D:1      | Found a faded altar of an unknown god.
   676 | D:2      | Reached XP level 2. HP: 25/27 MP: 2/2
   736 | D:2      | Reached skill level 4 in Axes
   736 | D:2      | Reached XP level 3. HP: 22/33 MP: 3/3
   769 | D:2      | Noticed Terence
   798 | D:2      | Killed Terence
   799 | D:2      | Reached skill level 5 in Axes
   799 | D:2      | Reached XP level 4. HP: 21/41 MP: 4/4
  1884 | D:3      | Reached XP level 5. HP: 45/47 MP: 5/5
  1927 | D:3      | Found an iron altar of Okawaru.
  2011 | D:3      | Reached skill level 5 in Fighting
  2017 | D:3      | Reached skill level 6 in Axes
  2286 | D:3      | Reached XP level 6. HP: 56/57 MP: 6/6
  2306 | D:3      | Reached skill level 7 in Axes
  3032 | D:4      | Reached XP level 7. HP: 59/63 MP: 7/7
  3945 | D:5      | Entered Level 5 of the Dungeon
  3964 | D:5      | Noticed Blork the orc
  3964 | D:5      | Noticed Ijyb
  3975 | D:5      | Noticed a two-headed ogre
  3978 | D:5      | Killed Blork the orc
  3997 | D:4      | Mangled by a two-headed ogre

Illustrated notes

Levels and vault maps discovered:
D:1:      arrival_aquarium_a, layout_loops_ring, ebering_ecumenical_altar_webs,
          serial_shops, nicolae_shop_waterfront, minmay_misc_feat_square
D:2:      layout_rooms, serial_forest, infiniplex_forest_lined_corner,
          infiniplex_forest_lined_4_way, infiniplex_forest_lined_room_2,
          infiniplex_forest_clump_small, infiniplex_forest_straight_2,
          infiniplex_forest_straight_3, infiniplex_forest_lined_3,
          infiniplex_forest_clump_small, infiniplex_forest_clump_tiny,
          kennysheep_generic_room_10, uniq_terence
D:3:      layout_loops_ring, amcnicky_altar_gilded, roderic_batcave
D:4:      layout_loops_ring, portal_sewer_entry_c, minmay_misc_feat_diagonals
D:5:      layout_cave_pools, mainiacjoe_overflow_surrounded_room, uniq_ijyb,
          uniq_blork_the_orc

Skill      XL: |  1  2  3  4  5  6  7 |
---------------+----------------------+-----
Axes           | 3 4 5 6 7 |  7.0
Fighting       | 4 5 6 |  6.2
Armour         | 4 |  4.8
Shields        | 4 |  4.8

Action                     |  1- 3 |  4- 6 |  7- 9 || total
---------------------------+-------+-------+-------++-------
  Melee: War axe           |    42 |   175 |    86 ||   303
  Throw: Throwing net      |       |       |     2 ||     2
    Use: Scroll            |     2 |     6 |     6 ||    14
         Potion            |     1 |       |     3 ||     4
 Armour: Scale mail        |    13 |    87 |       ||   100
         Chain mail        |       |       |    46 ||    46
  Dodge: Dodged            |    24 |    74 |    32 ||   130
  Block: Kite shield       |    27 |    71 |    26 ||   124
